 Dungeon Crawl Stone Soup version 0.21-a0-531-gacddea6 (webtiles) character file.

8 Gerstahl the Slasher (level 2, 19/23 HPs)
             Began as a Demonspawn Gladiator on Dec 12, 2017.
             Quit the game on level 1 of the Dungeon.
             The game lasted 00:00:13 (216 turns).

Gerstahl the Slasher (Demonspawn Gladiator)          Turns: 216, Time: 00:00:14

Health: 19/23      AC:  4    Str: 14    XL:     2   Next: 0%
Magic:  2/2        EV: 12    Int:  9    God:
Gold:   0          SH:  0    Dex: 14    Spells: 1/1 levels left

rFire    . . .     SeeInvis .   a - +0 long sword
rCold    . . .     Gourm    .   (no shield)
rNeg     . . .     Faith    .   b - +0 leather armour
rPois    .         Spirit   .   c - +0 helmet
rElec    .         Reflect  .   (no cloak)
rCorr    .         Harm     .   (no gloves)
MR       .....                  (no boots)
Stlth    ++........             (no amulet)
HPRegen  0.07/turn              (no ring)
MPRegen  0.08/turn              (no ring)

@: no status effects
A: nightstalker 1
a: no special abilities


You were on level 1 of the Dungeon.
You were not hungry.

You visited 1 branch of the dungeon, and saw 1 of its levels.

Inventory:

Hand Weapons
 a - a +0 long sword (weapon)
Missiles
 d - 3 throwing nets (quivered)
Armour
 b - a +0 leather armour (worn)
 c - a +0 helmet (worn)
Scrolls
 g - a scroll of random uselessness {unknown}
 i - a scroll of remove curse {unknown}
 k - a scroll of enchant armour {unknown}
Potions
 e - 2 potions of ambrosia {unknown}
 h - a potion of mutation {unknown}
 j - a potion of heal wounds {unknown}
Comestibles
 f - 2 bread rations


   Skills:
 + Level 2.3 Fighting
 + Level 3.0 Long Blades
 - Level 1.7 Throwing
 - Level 2.6 Dodging


You had one spell level left.
You didn't know any spells.

Dungeon Overview and Level Annotations

Branches:
Dungeon (1/15)

Altars:


Innate Abilities, Weirdness & Mutations

You are slightly more attuned to the shadows.


Message History

There is an open door here.
k - a scroll labeled ZOGREKEUBBUCUU No target in view!
f - 2 bread rations (gained 1)
A goblin comes into view. It is wielding a dagger.
The goblin shouts!
You hear a shout! x3
You closely miss the goblin. The goblin hits you with a dagger.
A goblin comes into view.
There are monsters nearby!
You hit the goblin.
The goblin is severely wounded.
The goblin hits you but does no damage. x2
There are monsters nearby!
You slash the goblin!
You kill the goblin!
Your Long Blades skill increases to level 3!
You have reached level 2!
Your demonic ancestry asserts itself...
You slip into the darkness of the dungeon.
Are you sure you want to abandon this character and quit the game? (Confirm with "yes".)

#........
##'###### #.#
#+ #.# #. #.#
#. #.# #. #.#
##.###.######
#.#
.......@....#
#.#
...###)####.#
#.# #g
#.#####.# #.
#.......# #.
######### ..
##


You could see a goblin.

Vanquished Creatures
  2 goblins (D:1)
  A hobgoblin (D:1)
  2 bats (D:1)
  A frilled lizard (D:1)
  2 kobolds (D:1)
  A rat (D:1)
9 creatures vanquished.

Notes
Turn   | Place    | Note
-------+----------+-------------------------------------------
     0 | D:1      | Gerstahl the Demonspawn Gladiator began the quest for the Orb.
     0 | D:1      | Reached XP level 1. HP: 16/16 MP: 1/1
   215 | D:1      | Reached skill level 3 in Long Blades
   215 | D:1      | Gained mutation: You are slightly more attuned to the shadows. [demonic ancestry]
   215 | D:1      | Reached XP level 2. HP: 19/23 MP: 2/2
   216 | D:1      | Quit the game

Vault maps used:
D:1:      sevenhm_arrival_forest_fort_small_4, minmay_hexomino_f4

Skill      XL: |  1 |
---------------+----+-----
Long Blades    | 3 |  3.0
Fighting       | |  2.3
Throwing       | |  1.7
Dodging        | |  2.6

Action                   || total
-------------------------++-------
Melee: Long sword        ||    19
Armor: Leather armour    ||     7
Dodge: Dodged            ||    12
       Rpst.: Long sword ||     6

Table legend:
 A = Spawn XP
 B = Non-spawn XP
 C = Spawn XP percentage of total XP
 D = Spawn monster count
 E = Non-spawn monster count
 F = Spawn count percentage of total count
 G = Total turns spent on level
                    A         B        C        D         E        F      G
               +---------+---------+-------+---------+---------+-------+---------
         Total |       0 |      12 |   0.0 |       0 |       9 |   0.0 |   216
               +---------+---------+-------+---------+---------+-------+---------
           D:1 |       0 |      12 |   0.0 |       0 |       9 |   0.0 |   216
               +---------+---------+-------+---------+---------+-------+---------
